 Dungeon Crawl Stone Soup version 0.26.1-11-gd32895ea62 (webtiles) character file.

Game seed: 12185357481523712517

81 buriedalive the Conjurer (level 4, -2/24 HPs)
             Began as a Deep Elf Conjurer on June 2, 2021.
             Killed by divine providence
             ... invoked by an orc priest
              (10 damage)
             ... on level 3 of the Dungeon.
             The game lasted 00:04:46 (3024 turns).

buriedalive the Conjurer (Deep Elf Conjurer)        Turns: 3024, Time: 00:04:47

Health: -2/24      AC:  3    Str:  4    XL:     4   Next: 20%
Magic:  3/12       EV: 13    Int: 24    God:
Gold:   99         SH:  0    Dex: 13    Spells: 8/11 levels left

rFire    . . .     SeeInvis +   o - +1 short sword (venom)
rCold    . . .     Faith    .   (no shield)
rNeg     . . .     Spirit   .   a - +0 robe
rPois    .         Reflect  .   q - +0 hat
rElec    .         Harm     .   l - +0 cloak
rCorr    .         Rampage  .   (no gloves)
Will     .....                  (no boots)
Stlth    ++........             (no amulet)
HPRegen  0.08/turn              e - ring of see invisible
MPRegen  0.13/turn              (no ring)

@: attractive
A: no striking features
a: no special abilities


You were on level 3 of the Dungeon.
You visited 1 branch of the dungeon, and saw 3 of its levels.

You collected 99 gold pieces.

Inventory:

Hand Weapons
 d - a +0 dagger
 o - a +1 short sword of venom (weapon)
Missiles
 g - 101 stones
 n - 18 poisoned darts
Armour
 a - a +0 robe (worn)
 l - a +0 cloak (worn)
 q - a +0 hat (worn)
Jewellery
 e - a ring of see invisible (left hand)
Scrolls
 b - a scroll of remove curse {unknown}
 i - a scroll of fog {unknown}
 j - a scroll of random uselessness {unknown}
 k - 2 scrolls of identify {unknown}
 p - 2 scrolls of teleportation {unknown}
Potions
 c - a potion of attraction
 h - a potion of degeneration {unknown}
 m - a potion of lignification {unknown}


   Skills:
 + Level 3.7 Dodging
 - Level 2.4 Stealth
 + Level 4.2 Spellcasting
 + Level 5.1 Conjurations


You had 8 spell levels left.
You knew the following spells:

 Your Spells              Type           Power        Failure   Level
a - Magic Dart            Conj           100%         1%          1
b - Searing Ray           Conj           58%          1%          2

Your spell library contained the following spells:

 Spells                   Type           Power        Failure   Level
 Dazzling Flash           Conj/Hex       34%          10%         3
 Fulminant Prism          Conj/Hex       8%           32%         4
 Iskenderun's Mystic Bla  Conj/Tloc      17%          32%         4


Dungeon Overview and Level Annotations

Branches:
Dungeon (3/15)

Altars:


Message History

You barely miss the orc. The orc misses you.
It was a potion of attraction.
You feel attractive to monsters. The orc priest closely misses you.
It was a potion of curing.
You feel better. The orc barely misses you. The orc priest barely misses you.
Casting: Searing Ray (safe; 1% risk of failure)
Confirm with . or Enter, or press ? or * to list all spells.
Aiming: Searing Ray (safe; 1% risk of failure)
Press: ? - help, Shift-Dir - straight line, f - orc wizard
Aim: an orc wizard, wielding a +0 dagger and wearing a +0 robe (26% to evade)
The searing ray hits the orc priest.
The orc priest is heavily wounded.
The searing ray hits the orc wizard!
The orc wizard is severely wounded. (Press . to maintain the ray.)
The orc barely misses you.
The orc priest calls down the wrath of Beogh upon you.
Beogh smites you!
You die...

...........#.##.......
...........#.##......
........o..#..#.....
...[......o........
########..........
+.........#
#.........#
##'#####†.# #.).o@oo.#
########.# ... ####


You could see an orc priest, an orc wizard and an orc.

Vanquished Creatures
  An adder (D:2)
  2 oozes (D:1)
  2 worms (D:2)
  A dart slug (D:1)
  A leopard gecko (D:2)
  An orc (D:3)
  3 giant cockroaches
  6 goblins
  7 hobgoblins
  7 jackals
  4 bats (D:2)
  5 frilled lizards
  5 kobolds
  7 rats
52 creatures vanquished.

Notes
Turn   | Place    | Note
-------+----------+-------------------------------------------
     0 | D:1      | buriedalive the Deep Elf Conjurer began the quest for the
                  | Orb.
     0 | D:1      | Reached XP level 1. HP: 10/10 MP: 6/6
   377 | D:1      | Reached XP level 2. HP: 13/15 MP: 1/8
   492 | D:1      | Learned a level 2 spell: Searing Ray
   967 | D:1      | Reached XP level 3. HP: 19/19 MP: 6/10
  2053 | D:2      | Reached skill level 5 in Conjurations
  2728 | D:2      | Reached XP level 4. HP: 19/24 MP: 10/12
  3024 | D:3      | Killed from afar by an orc priest

Illustrated notes

Levels and vault maps discovered:
D:1:      lightli_arrival_farm, layout_loops_corners,
          chequers_serial_rivers_micro_a
D:2:      layout_rooms
D:3:      layout_basic, marbit_many_paths, uniq_sigmund

Skill      XL: |  1  2  3 |
---------------+----------+-----
Dodging        | 3 |  3.7
Spellcasting   | 4 |  4.2
Conjurations   | 5 |  5.1
Stealth        | |  2.4

Action                   |  1- 3 |  4- 6 || total
-------------------------+-------+-------++-------
Melee: Unarmed           |    25 |       ||    25
       Dagger            |    15 |       ||    15
       Short sword       |     4 |     4 ||     8
 Cast: Magic Dart        |    28 |       ||    28
       Searing Ray       |    19 |     4 ||    23
  Use: Potion            |       |     2 ||     2
 Stab: Sleeping          |     3 |       ||     3
Armor: Robe              |    17 |     2 ||    19
Dodge: Dodged            |    50 |     9 ||    59
